 Seeded DCSS version 0.27.1-37-g7b29ead8ac (webtiles) character file.

Game seed: 4581088978801968933 (custom seed)

49 cbfl8 the Chopper (level 3, -2/30 HPs)
             Began as a Minotaur Gladiator on June 2, 2023.
             Was an Initiate of Yredelemnul.
             Slain by an adder (3 damage)
             ... on level 3 of the Dungeon.
             The game lasted 00:01:04 (2290 turns).

cbfl8 the Chopper (Minotaur Gladiator)              Turns: 2290, Time: 00:01:05

Health: -2/30      AC:  5    Str: 18    XL:     3   Next: 51%
Magic:  2/2        EV: 11    Int: 11    God:    Yredelemnul [......]
Gold:   94         SH:  0    Dex: 12    Spells: 2/2 levels left

rFire    . . .     SeeInvis .   a - +0 war axe
rCold    . . .     Faith    .   (no shield)
rNeg     . . .     Spirit   .   g - +0 ring mail
rPois    .         Reflect  .   c - +0 hat
rElec    .         Harm     .   (no cloak)
rCorr    .         Rampage  .   (no gloves)
Will     .....                  (no boots)
Stlth    +.........             (no amulet)
HPRegen  0.10/turn              f - +6 ring of intelligence
MPRegen  0.08/turn              (no ring)

@: lethally poisoned (-2 -> -12)
A: horns 2, retaliatory headbutt
a: Renounce Religion


You were on level 3 of the Dungeon.
You worshipped Yredelemnul.
Yredelemnul was noncommittal.
You visited 1 branch of the dungeon, and saw 3 of its levels.

You collected 94 gold pieces.

Inventory:

Hand Weapons
 a - a +0 war axe (weapon)
Missiles
 d - 3 throwing nets (quivered)
Armour
 c - a +0 hat (worn)
 g - a +0 ring mail (worn)
Jewellery
 f - a +6 ring of intelligence (left hand)
Scrolls
 b - a scroll of teleportation {unknown}
 h - a scroll of amnesia {unknown}
Potions
 e - 3 potions of curing {unknown}


   Skills:
 + Level 2.6 Fighting
 + Level 4.7 Axes
 + Level 2.2 Throwing
 + Level 1.0 Armour
 + Level 3.6 Dodging
 + Level 0.1 Stealth


You had 2 spell levels left.
You didn't know any spells.
Your spell library contained the following spells:

 Spells                   Type           Power      Damage    Failure   Level
 Beastly Appendage        Tmut           0%         N/A       54%         1
 Slow                     Hex            0%         N/A       67%         2
 Wereblood                Tmut           0%         N/A       67%         2
 Confusing Touch          Hex            0%         N/A       88%         3
 Spider Form              Tmut/Pois      0%         N/A       88%         3
 Vampiric Draining        Necr           0%         2d6       88%         3


Dungeon Overview and Level Annotations

Branches:
Dungeon (3/15)

Altars:
Yredelemnul

Annotations:
D:2 1 runed translucent door, Crazy Yiuf


Innate Abilities, Weirdness & Mutations

You have a pair of horns on your head.
You reflexively headbutt those who attack you in melee.


Message History

Yredelemnul accepts your kill.
An adder comes into view.
The adder hisses angrily.
An adder comes into view.
There are monsters nearby!
The adder hisses angrily.
There are monsters nearby!
The adder bites you but does no damage. The adder bites you.
There are monsters nearby!
You slash the adder! Your headbutt misses the adder.
The adder is heavily wounded.
The adder bites you but does no damage.
You hit the adder.
The adder is severely wounded.
You closely miss the adder. The adder closely misses you. The adder bites you.
You are poisoned.
The adder poisons you! The adder bites you.
You are more poisoned.
The adder poisons you! The adder bites you.
You closely miss the adder.
The adder is severely wounded.
You closely miss the adder.
You feel very sick. The adder bites you.
You are lethally poisoned!
The adder poisons you! The adder bites you.
You are more poisoned.
The adder poisons you! The adder closely misses you. The adder misses you.
You are too injured to fight recklessly!
Unknown command.
* * * LOW HITPOINT WARNING * * *
You feel very sick. The adder barely misses you.
* * * LOW HITPOINT WARNING * * *
You feel very sick.
* * * LOW HITPOINT WARNING * * *
You feel very sick. The adder bites you.
You die...
Your body rises from the dead as a mindless zombie.

##########
#....<...#
#........#
#....@...#
#..†.SS..#
#........#
#........#
###.###..#
#.# #...#
#.# ....#
#.# #.#...
#. .#...


You could see 2 adders.

Vanquished Creatures
  2 adders (D:2)
  A dart slug (D:1)
  3 ball pythons
  A bat (D:1)
  3 endoplasms (D:1)
  2 giant cockroaches (D:1)
  2 hobgoblins (D:1)
  3 quokkas
  3 goblins
  2 kobolds (D:1)
  6 rats
28 creatures vanquished.

Notes
Turn   | Place    | Note
-------+----------+-------------------------------------------
     0 | D:1      | cbfl8 the Minotaur Gladiator began the quest for the Orb.
     0 | D:1      | Reached XP level 1. HP: 18/18 MP: 0/0
   208 | D:1      | Found a faded altar of an unknown god.
   212 | D:1      | Reached skill level 4 in Axes
   212 | D:1      | Reached XP level 2. HP: 24/25 MP: 1/1
  1564 | D:2      | Found a basalt altar of Yredelemnul.
  1586 | D:2      | Became a worshipper of Yredelemnul the Dark
  1594 | D:2      | Reached XP level 3. HP: 25/30 MP: 2/2
  1783 | D:2      | Reached skill level 1 in Armour
  2108 | D:2      | Found a runed translucent door.
  2109 | D:2      | Noticed Crazy Yiuf
  2290 | D:3      | HP: 1/30 [poisoned by an adder]
  2290 | D:3      | Slain by an adder

Illustrated notes

Levels and vault maps discovered:
D:1:      lightli_arrival_lavapool, layout_basic, ebering_ecumenical_altar_ruins
D:2:      layout_loops_ring, basic_altar, uniq_crazy_yiuf_cottage
D:3:      layout_rooms, st_stairs_3

Skill      XL: |  1  2  3 |
---------------+----------+-----
Axes           | 4 |  4.7
Armour         | 1 |  1.0
Fighting       | |  2.6
Throwing       | |  2.2
Dodging        | |  3.6
Stealth        | |  0.1

Action                   || total
-------------------------++-------
Melee: War axe           ||    51
       Headbutt          ||     9
Armor: Leather armour    ||    15
       Ring mail         ||     5
Dodge: Dodged            ||    41
